 Dungeon Crawl Stone Soup version 0.26-a0-612-gd4d190f45e (webtiles) character file.

Game seed: 14005658534450370857

2552 Gargoyl the Fighter (level 9, -11/74 HPs)
             Began as a Gnoll Abyssal Knight on Sept 10, 2020.
             Was an Elder of Lugonu.
             Mangled by a komodo dragon (17 damage)
             ... on level 7 of the Dungeon.
             The game lasted 00:08:23 (7242 turns).

Gargoyl the Fighter (Gnoll Abyssal Knight)          Turns: 7242, Time: 00:08:23

Health: -11/74     AC: 11    Str: 17    XL:     9   Next: 56%
Magic:  0/15       EV:  9    Int: 14    God:    Lugonu [****..]
Gold:   342        SH:  5    Dex: 16    Spells: 16/16 levels left

rFire    . . .     SeeInvis .   r - +0 whip (elec)
rCold    . . .     Faith    .   f - +0 buckler
rNeg     . . .     Spirit   +   o - +0 chain mail
rPois    +         Reflect  .   t - +0 helmet
rElec    .         Harm     .   (no cloak)
rCorr    .                      (no gloves)
MR       .....                  (no boots)
Stlth    ..........             d - amulet of guardian spirit
HPRegen  0.22/turn              (no ring)
MPRegen  0.14/turn              (no ring)

@: lightly drained
A: distributed training, fangs 1, talons 1, poison resistance, strong nose
a: Depart the Abyss, Bend Space, Banish, Corrupt, Renounce Religion


You were on level 7 of the Dungeon.
You worshipped Lugonu.
Lugonu was greatly pleased with you.
You visited 1 branch of the dungeon, and saw 7 of its levels.
You visited the Abyss 1 time.

You collected 342 gold pieces.

Inventory:

Hand Weapons
 a - a +1 hand axe
 c - a +3 war axe
 r - a +0 whip of electrocution (weapon)
 z - a +5 scimitar of freezing
Armour
 f - a +0 buckler (worn)
 o - a +0 chain mail (worn)
 t - a +0 helmet (worn)
Jewellery
 d - an amulet of guardian spirit (around neck)
Wands
 b - a wand of flame (25)
 q - a wand of iceblast (18)
 s - a wand of random effects (13)
 w - a wand of polymorph (11)
 y - a wand of enslavement (6)
Scrolls
 e - 2 scrolls of fog
 h - 2 scrolls of fear
 j - 2 scrolls of identify
 l - 4 scrolls of remove curse
 x - 2 scrolls of magic mapping
Potions
 g - a potion of brilliance {unknown}
 i - a potion of magic {unknown}
 k - 3 potions of ambrosia {unknown}
 n - 3 potions of might {unknown}
 p - 4 potions of haste {unknown}
 u - a potion of stabbing {unknown}
 v - a potion of flight {unknown}


   Skills:
 + Level 8.0(7.4) Fighting
 + Level 4.3(3.9) Short Blades
 + Level 4.3(3.9) Long Blades
 + Level 6.4(5.9) Axes
 + Level 4.3(3.9) Maces & Flails
 + Level 4.3(3.9) Polearms
 + Level 4.3(3.9) Staves
 + Level 4.3(3.9) Slings
 + Level 4.3(3.9) Bows
 + Level 4.3(3.9) Crossbows
 + Level 4.3(3.9) Throwing
 + Level 6.4(5.9) Armour
 + Level 5.1(4.7) Dodging
 + Level 4.3(3.9) Stealth
 + Level 4.3(3.9) Shields
 + Level 4.3(3.9) Unarmed Combat
 + Level 4.3(3.9) Spellcasting
 + Level 3.6(3.1) Conjurations
 + Level 3.6(3.1) Hexes
 + Level 3.6(3.1) Summonings
 + Level 3.6(3.1) Necromancy
 + Level 3.6(3.1) Translocations
 + Level 3.6(3.1) Transmutations
 + Level 3.6(3.1) Fire Magic
 + Level 3.6(3.1) Ice Magic
 + Level 3.6(3.1) Air Magic
 + Level 3.6(3.1) Earth Magic
 + Level 3.6(3.1) Poison Magic
 + Level 6.7(6.2) Invocations
 + Level 4.3(3.9) Evocations


You had 16 spell levels left.
You didn't know any spells.
Your spell library contained the following spells:

 Spells                   Type           Power        Failure   Level
 Confusing Touch          Hex            ##......     90%         3
 Gell's Gravitas          Tloc           ##........   90%         3
 Petrify                  Tmut/Erth      ##......     100%        4
 Metabolic Englaciation   Hex/Ice        ##........   100%        5
 Yara's Violent Unravell  Hex/Tmut       ##........   100%        5


Dungeon Overview and Level Annotations

Branches:
Dungeon (7/15)             Temple (0/1) D:5

Altars:
Makhleb
Okawaru
Qazlal
Xom

Annotations:
D:7 Pikel


Innate Abilities, Weirdness & Mutations

Your experience applies equally to all skills.
You have very sharp teeth.
Your uncanny sense of smell can sniff out nearby items.
You have sharp toenails.
Your system is resistant to poisons. (rPois)


Message History

Things that are here:
a stone; a sling bullet Pikel says, "You'll make a fine lemure."
There is a stone staircase leading up here.
You feel much better. The komodo dragon barely misses you.
You hit the komodo dragon but do no damage.
You claw the komodo dragon, but do no damage.
The komodo dragon is heavily wounded.
The komodo dragon bites you!!
* * * LOW HITPOINT WARNING * * *
You hit the komodo dragon but do no damage.
Lightning courses through the komodo dragon!
You claw the komodo dragon, but do no damage.
The komodo dragon is almost dead.
The komodo dragon bites you.
* * * LOW HITPOINT WARNING * * *
You hit the komodo dragon.
The komodo dragon is almost dead.
The komodo dragon bites you!!
You die...

.............###
##....####.#...#######
(.#### #.###........ #.#
#..########## ...≈≈
.....#####....## #.≈≈≈
#.##<......##..## #.≈≈≈
#..#######.###..######..
#.≈≈ #.............#
###..
######@####...###...#
#l## #....#...# #K.#
#.##.#...# ##5#
##.##.....##. #.#
#..###.......
######.###..K)5.)..##.
#..........#####...#
...####....## #...#
#...(# #..###.


You could see a komodo dragon, Pikel and a lemure.

Vanquished Creatures
  Joseph (D:7)
  Duvessa (D:7)
  A sky beast (D:7)
  An ice beast (D:6)
  3 necrophages
  3 ogres
  2 phantoms
  A centaur (D:6)
  3 lemures (D:7)
  A big kobold (D:7)
  Dowan (D:7)
  A wyvern zombie (D:4)
  A scorpion (D:6)
  7 wights
  A bullfrog zombie (D:7)
  2 hounds (D:4)
  7 orc wizards
  2 orc priests
  A centaur skeleton (D:6)
  An iguana (D:5)
  2 worker ants
  A hound skeleton (D:4)
  A gnoll (D:4)
  7 adders
  An ufetubus (D:6)
  An ooze (D:3)
  An adder zombie (D:7)
  A worm (D:2)
  A dart slug (D:3)
  4 leopard geckos
  18 orcs
  3 ball pythons
  7 bats
  7 giant cockroaches
  7 goblins
  6 hobgoblins
  10 jackals
  14 kobolds
  2 quokkas
  5 frilled lizards
  2 leopard gecko zombies (D:5)
  7 rats
149 creatures vanquished.

Vanquished Creatures (others)
  4 withered plants (D:7)
4 creatures vanquished.

Grand Total: 153 creatures vanquished

Notes
Turn   | Place    | Note
-------+----------+-------------------------------------------
     0 | Abyss:1  | Gargoyl the Gnoll Abyssal Knight began the quest for the
                  | Orb.
     0 | Abyss:1  | Reached XP level 1. HP: 23/23 MP: 3/3
    18 | Abyss:2  | Found a shimmering altar of Xom.
    61 | Abyss:2  | Noticed a frost giant zombie
    76 | Abyss:2  | Noticed an ancient zyme
   104 | D:1      | Escaped the Abyss
   161 | D:1      | Reached * piety under Lugonu
   172 | D:1      | Reached XP level 2. HP: 21/29 MP: 3/5
   923 | D:1      | Reached XP level 3. HP: 34/35 MP: 6/6
  1230 | D:2      | Gained mutation: You have sharp toenails. [potion of
                  | mutation]
  1230 | D:2      | Gained mutation: Your system is resistant to poisons.
                  | (rPois) [potion of mutation]
  1350 | D:2      | Reached ** piety under Lugonu
  1350 | D:2      | Reached skill level 1 in Short Blades
  1350 | D:2      | Reached skill level 1 in Long Blades
  1350 | D:2      | Reached skill level 1 in Maces & Flails
  1350 | D:2      | Reached skill level 1 in Polearms
  1350 | D:2      | Reached skill level 1 in Staves
  1350 | D:2      | Reached skill level 1 in Slings
  1350 | D:2      | Reached skill level 1 in Bows
  1350 | D:2      | Reached skill level 1 in Crossbows
  1350 | D:2      | Reached skill level 1 in Throwing
  1350 | D:2      | Reached skill level 1 in Stealth
  1350 | D:2      | Reached skill level 1 in Shields
  1350 | D:2      | Reached skill level 1 in Unarmed Combat
  1350 | D:2      | Reached skill level 1 in Spellcasting
  1350 | D:2      | Reached skill level 1 in Evocations
  1504 | D:2      | Reached XP level 4. HP: 41/41 MP: 7/7
  2449 | D:3      | Reached skill level 1 in Conjurations
  2449 | D:3      | Reached skill level 1 in Hexes
  2449 | D:3      | Reached skill level 1 in Summonings
  2449 | D:3      | Reached skill level 1 in Necromancy
  2449 | D:3      | Reached skill level 1 in Translocations
  2449 | D:3      | Reached skill level 1 in Transmutations
  2449 | D:3      | Reached skill level 1 in Fire Magic
  2449 | D:3      | Reached skill level 1 in Ice Magic
  2449 | D:3      | Reached skill level 1 in Air Magic
  2449 | D:3      | Reached skill level 1 in Earth Magic
  2449 | D:3      | Reached skill level 1 in Poison Magic
  2858 | D:2      | Reached XP level 5. HP: 42/47 MP: 8/8
  3150 | D:4      | Reached skill level 5 in Invocations
  3150 | D:4      | Reached XP level 6. HP: 32/53 MP: 5/9
  3406 | D:4      | Found an iron altar of Okawaru.
  3470 | D:4      | Reached skill level 5 in Axes
  3470 | D:4      | Reached skill level 5 in Armour
  3506 | D:4      | Reached *** piety under Lugonu
  3559 | D:4      | Reached XP level 7. HP: 17/59 MP: 3/10
  3573 | D:4      | Reached skill level 7 in Fighting
  4433 | D:5      | Entered Level 5 of the Dungeon
  4464 | D:5      | Found a shimmering altar of Xom.
  4760 | D:5      | Found a staircase to the Ecumenical Temple.
  4802 | D:5      | Found a stormy altar of Qazlal.
  5491 | D:6      | Reached XP level 8. HP: 67/67 MP: 12/12
  6474 | D:7      | Noticed Dowan
  6615 | D:7      | Noticed Duvessa
  6627 | D:7      | Killed Duvessa
  6627 | D:7      | Reached XP level 9. HP: 72/73 MP: 14/14
  6636 | D:7      | Killed Dowan
  6679 | D:7      | Found a burning altar of Makhleb.
  6823 | D:7      | Reached **** piety under Lugonu
  6854 | D:7      | Noticed Joseph
  6888 | D:7      | Killed Joseph
  6888 | D:7      | Reached skill level 5 in Dodging
  6921 | D:7      | Noticed a komodo dragon
  7155 | D:7      | Reached skill level 8 in Fighting
  7209 | D:7      | Noticed Pikel
  7242 | D:7      | Mangled by a komodo dragon

Illustrated notes

Levels and vault maps discovered:
D:1:      beargit_arrival_greenhouse, layout_basic, serial_park_tiny_2
D:2:      layout_basic
D:3:      layout_loops_cross
D:4:      cheibrodos_pilgrimage, layout_loops_ring, okawaru_altar_gauntlet_db
D:5:      layout_layer_cave, xom_teletrap_fun, minmay_temple_entry_offerings,
          hangedman_decor_lopped, nicolae_qazlal_general_emergency
D:6:      layout_cave_pods
D:7:      layout_rooms, cheibrodos_ashenzari_chains, basic_altar, serial_undead,
          serial_undead_f, serial_undead_f, serial_undead_f, serial_undead_c,
          hangedman_ru_absence, uniq_duvessa, uniq_pikel, uniq_joseph

Skill      XL: |  1  2  3  4  5  6  7  8  9 |
---------------+----------------------------+-----
Short Blades   | 1 2 3 4 |  4.3
Long Blades    | 1 2 3 4 |  4.3
Maces & Flails | 1 2 3 4 |  4.3
Polearms       | 1 2 3 4 |  4.3
Staves         | 1 2 3 4 |  4.3
Slings         | 1 2 3 4 |  4.3
Bows           | 1 2 3 4 |  4.3
Crossbows      | 1 2 3 4 |  4.3
Throwing       | 1 2 3 4 |  4.3
Stealth        | 1 2 3 4 |  4.3
Shields        | 1 2 3 4 |  4.3
Unarmed Combat | 1 2 3 4 |  4.3
Spellcasting   | 1 2 3 4 |  4.3
Evocations     | 1 2 3 4 |  4.3
Conjurations   | 1 2 3 |  3.6
Hexes          | 1 2 3 |  3.6
Summonings     | 1 2 3 |  3.6
Necromancy     | 1 2 3 |  3.6
Translocations | 1 2 3 |  3.6
Transmutations | 1 2 3 |  3.6
Fire Magic     | 1 2 3 |  3.6
Ice Magic      | 1 2 3 |  3.6
Air Magic      | 1 2 3 |  3.6
Earth Magic    | 1 2 3 |  3.6
Poison Magic   | 1 2 3 |  3.6
Dodging        | 3 4 5 |  5.1
Invocations    | 5 6 |  6.7
Axes           | 5 6 |  6.4
Armour         | 5 6 |  6.4
Fighting       | 7 8 |  8.0

Action                   |  1- 3 |  4- 6 |  7- 9 || total
-------------------------+-------+-------+-------++-------
Melee: Hand axe          |    87 |    34 |       ||   121
       Bite              |     5 |    15 |    29 ||    49
       Kick              |     3 |    43 |    94 ||   140
       War axe           |       |    23 |       ||    23
       Whip              |       |    82 |   261 ||   343
       Punch             |       |     2 |       ||     2
Invok: Depart the Abyss  |     1 |       |       ||     1
  Use: Scroll            |     7 |     6 |     3 ||    16
       Potion            |     1 |       |     3 ||     4
 Stab: Sleeping          |     4 |       |       ||     4
       Invisible         |       |       |     3 ||     3
Armor: Leather armour    |    41 |    11 |       ||    52
       Chain mail        |       |    57 |   115 ||   172
Dodge: Dodged            |    68 |    72 |    69 ||   209
Block: Buckler           |       |    13 |    55 ||    68

Table legend: (Time is in decaauts)
 A = Elapsed time spent in this place.
 B = Non-inter-level travel time spent in this place.
 C = Inter-level travel time spent in this place.
 D = Time resting spent in this place.
 E = Time spent auto-exploring this place.
 F = Levels seen in this place.
 G = Mean time per level.
                   A        B        C        D        E       F      G
               +--------+--------+--------+--------+--------+-----+--------+
         Total |   7255 |   7009 |    246 |   1531 |   4036 |   9 |  806.1 |
       Dungeon |   7151 |   6905 |    246 |   1531 |   4002 |   7 | 1021.6 |
         Abyss |    103 |    103 |      0 |      0 |     34 |   2 |   51.5 |
               +--------+--------+--------+--------+--------+-----+--------+

Top non-repeatable levels by time:
     D:6: 1450 daAuts
     D:4: 1306 daAuts
     D:2: 1276 daAuts
     D:1: 1087 daAuts
     D:5: 884 daAuts
     D:3: 684 daAuts
     D:7: 461 daAuts
 Abyss:2: 85 daAuts
 Abyss:1: 18 daAuts
